 Dungeon Crawl Stone Soup version 0.26-a0-808-g930a2b7adc (webtiles) character file.

Game seed: 3124876588149417271

412 ANON1729 the Ducker (level 6, -3/36 HPs)
             Began as a Spriggan Transmuter on Nov 12, 2020.
             Slain by a scorpion (5 damage)
             ... on level 4 of the Dungeon.
             The game lasted 00:06:31 (5050 turns).

ANON1729 the Ducker (Spriggan Transmuter)           Turns: 5050, Time: 00:06:31

Health: -3/36      AC:  5    Str:  6    XL:     6   Next: 59%
Magic:  13/13      EV:  7    Int: 17    God:
Gold:   159        SH:  0    Dex: 16    Spells: 4/14 levels left

rFire    x . .     SeeInvis +     - Unarmed
rCold    + + +     Faith    .   (shield currently unavailable)
rNeg     . . .     Spirit   .   (armour currently unavailable)
rPois    +         Reflect  .   (helmet currently unavailable)
rElec    .         Harm     .   (cloak currently unavailable)
rCorr    +         Rampage  .   (gloves unavailable)
MR       +....                  (boots unavailable)
Stlth    ++........             (no amulet)
HPRegen  0.12/turn              i - ring of resist corrosion
MPRegen  0.13/turn              (no ring)

@: brilliant, ice-form (expiring), held
A: large, unfitting armour, see invisible
a: End Transformation


You were on level 4 of the Dungeon.
You were a creature of crystalline ice.
You visited 1 branch of the dungeon, and saw 4 of its levels.

You collected 159 gold pieces.

Inventory:

Missiles
 e - 49 sling bullets
 j - 175 stones
 l - 21 poisoned darts (quivered)
Armour
 a - a +0 robe (melded)
Jewellery
 i - a ring of resist corrosion (left front paw)
Scrolls
 b - a scroll of identify {unknown}
 d - a scroll of random uselessness {unknown}
 f - a scroll of enchant armour {unknown}
 k - a scroll of noise {unknown}
 n - 2 scrolls of remove curse {unknown}
 q - a scroll of fog {unknown}
 r - a scroll of amnesia {unknown}
 s - a scroll of enchant weapon {unknown}
 t - a scroll of blinking {unknown}
Potions
 c - 2 potions of haste
 g - a potion of flight {unknown}
 h - a potion of attraction {unknown}
 m - a potion of brilliance
 o - a potion of might {unknown}
 p - a potion of degeneration {unknown}


   Skills:
 + Level 2.0 Fighting
 * Level 5.5 Dodging
 + Level 2.4 Stealth
 + Level 3.1 Unarmed Combat
 * Level 4.6 Spellcasting
 * Level 5.1 Transmutations


You had 4 spell levels left.
You knew the following spells:

 Your Spells              Type           Power        Failure   Level
a - Beastly Appendage     Tmut           ####..       1%          1
b - Wereblood             Tmut           ####....     2%          2
c - Spider Form           Tmut/Pois      ###.......   16%         3
d - Ice Form              Ice/Tmut       ###.....     45%         4

Your spell library contained the following spells:

 Spells                   Type           Power        Failure   Level
 Blade Hands              Tmut           ####......   43%         5


Dungeon Overview and Level Annotations

Branches:
Dungeon (4/15)
 Temple: D:4-7

Altars:


Innate Abilities, Weirdness & Mutations

You are very small and have problems with some larger weapons.
You are too small for most types of armour.
You have supernaturally acute eyesight. (SInv)
((You cover ground extremely quickly.))


Message History

The scorpion is heavily wounded.
A gnoll comes into view. It is wielding a +0 halberd.
The scorpion stings you.
You are too injured to fight recklessly!
Your transformation is almost over.
The gnoll throws a throwing net.
The throwing net hits you.
You become entangled in the net!
There is a stone staircase leading up, spattered with blood here.
You see here a throwing net.
You struggle against the net.
The scorpion barely misses you.
You struggle against the net.
The scorpion stings you but does no damage.
You tear a large gash into the net.
The gnoll hits you with a +0 club!
* * * LOW HITPOINT WARNING * * *
The scorpion stings you.
* * * LOW HITPOINT WARNING * * *
It was a potion of brilliance.
You feel clever all of a sudden. The scorpion stings you.
You die...

#...... ...
#..?... ..# <#
##...... ..# /#
........##.# .#
.........#.# .#
.......#>#.##.#
#....g..#.#
#.##...g..# #
#..gsY..#
##.....##
#$....>.....
##..........
#..########
####


You could see a scorpion and 3 gnolls.

Vanquished Creatures
  Sigmund (D:2)
  A phantom (D:4)
  An orc priest (D:3)
  Jessica (D:3)
  3 adders
  An adder skeleton (D:2)
  A worm (D:2)
  3 dart slugs
  8 orcs (D:3)
  4 ball pythons
  3 bat skeletons (D:2)
  A giant cockroach (D:2)
  5 goblins
  10 hobgoblins
  2 jackals (D:4)
  5 kobolds
  A quokka (D:2)
  5 bats
  2 frilled lizards (D:1)
  A jackal skeleton (D:2)
  A quokka zombie (D:2)
  3 rats
63 creatures vanquished.

Notes
Turn   | Place    | Note
-------+----------+-------------------------------------------
     0 | D:1      | ANON1729 the Spriggan Transmuter began the quest for the
                  | Orb.
     0 | D:1      | Reached XP level 1. HP: 9/9 MP: 5/5
   617 | D:1      | Reached skill level 1 in Fighting
   757 | D:1      | Reached XP level 2. HP: 14/14 MP: 6/6
  1929 | D:2      | Learned a level 2 spell: Wereblood
  1939 | D:2      | Reached XP level 3. HP: 16/18 MP: 6/8
  2798 | D:2      | Noticed Sigmund
  2826 | D:2      | Killed Sigmund
  2826 | D:2      | Reached skill level 1 in Stealth
  2826 | D:2      | Reached XP level 4. HP: 10/22 MP: 9/11
  2826 | D:2      | Reached XP level 5. HP: 11/25 MP: 9/12
  3447 | D:3      | Noticed Jessica
  3460 | D:3      | Killed Jessica
  3460 | D:3      | Reached skill level 5 in Dodging
  3605 | D:3      | Learned a level 3 spell: Spider Form
  3619 | D:3      | Reached XP level 6. HP: 20/30 MP: 7/13
  4124 | D:2      | Learned a level 4 spell: Ice Form
  5038 | D:4      | Reached skill level 5 in Transmutations
  5050 | D:4      | Slain by a scorpion

Illustrated notes

Levels and vault maps discovered:
D:1:      eino_arrival_water_star, layout_basic
D:2:      layout_rooms, serial_undead, serial_undead_c, serial_undead_f,
          serial_undead_f, serial_undead_f, uniq_sigmund
D:3:      layout_basic, uniq_jessica
D:4:      minmay_skewed_foursquare, layout_loops_ring,
          nemelex_xobeh_ov_fountains_minmay, biasface_ghost_orc_armoury,
          fedhas_altar_1

Skill      XL: |  1  2  3  4  5  6 |
---------------+-------------------+-----
Fighting       | 1 2 |  2.0
Transmutations | 3 4 5 |  5.1
Spellcasting   | 3 4 |  4.6
Dodging        | 4 5 |  5.5
Stealth        | 1 2 |  2.4
Unarmed Combat | 3 |  3.1

Action                   |  1- 3 |  4- 6 || total
-------------------------+-------+-------++-------
Melee: Unarmed           |   237 |   126 ||   363
       Punch             |     4 |     2 ||     6
       Headbutt          |    14 |       ||    14
       Kick              |    24 |     4 ||    28
Throw: Stone             |    11 |     9 ||    20
       Dart              |       |    16 ||    16
 Cast: Beastly Appendage |    12 |     4 ||    16
       Spider Form       |       |     1 ||     1
       Ice Form          |       |     2 ||     2
  Use: Potion            |     4 |     1 ||     5
 Stab: Sleeping          |     1 |     2 ||     3
Armor: Robe              |    20 |     7 ||    27
       Skin              |     1 |     7 ||     8
Dodge: Dodged            |   209 |   110 ||   319

Table legend: (Time is in decaauts)
 A = Elapsed time spent in this place.
 B = Non-inter-level travel time spent in this place.
 C = Inter-level travel time spent in this place.
 D = Time resting spent in this place.
 E = Time spent auto-exploring this place.
 F = Levels seen in this place.
 G = Mean time per level.
                   A        B        C        D        E       F      G
               +--------+--------+--------+--------+--------+-----+--------+
         Total |   4292 |   4233 |     59 |   1780 |   1703 |   4 | 1073.0 |
       Dungeon |   4292 |   4233 |     59 |   1780 |   1703 |   4 | 1073.0 |
               +--------+--------+--------+--------+--------+-----+--------+

Top non-repeatable levels by time:
     D:1: 1760 daAuts
     D:2: 1274 daAuts
     D:3: 1211 daAuts
     D:4: 45 daAuts
